 Dungeon Crawl Stone Soup version 0.28.0-53-g5a82cb258f (webtiles) character file.

Game seed: 3358382914355234712

490 Sin92 the Digger (level 6, 0/67 HPs)
             Began as a Demonspawn Earth Elementalist on July 7, 2022.
             Killed from afar by an orc wizard (3 damage)
             ... with a puff of flame
             ... on level 5 of the Dungeon.
             The game lasted 00:07:45 (5454 turns).

Sin92 the Digger (Demonspawn Earth Elementalist)    Turns: 5454, Time: 00:07:45

Health: 0/67       AC: 10    Str: 10    XL:     6   Next: 90%
Magic:  10/10      EV:  9    Int: 17    God:
Gold:   213        SH:  0    Dex: 13    Spells: 10/11 levels left

rFire   + . .      SeeInvis .   a - +0 flail
rCold   . . .      Faith    .   (no shield)
rNeg    . . .      Spirit   .   h - +0 scale mail
rPois   .          Reflect  .   (no helmet)
rElec   .          Harm     .   (no cloak)
rCorr   .          Rampage  .   (no gloves)
Will    .....                   (no boots)
Stlth   ..........              (no amulet)
HPRegen 0.21/turn               g - ring of flight
MPRegen 0.12/turn               (no ring)

@: confused, brilliant, berserking, flying, very quick
A: molten scales 3, weakness stinger 1
a: no special abilities


You were on level 5 of the Dungeon.
You visited 1 branch of the dungeon, and saw 5 of its levels.

You collected 213 gold pieces.

Inventory:

Hand Weapons
 a - a +0 flail (weapon)
Missiles
 c - 234 stones
Armour
 b - a +0 robe
 h - a +0 scale mail (worn)
Jewellery
 g - a ring of flight (left hand)
Scrolls
 k - a scroll of teleportation
Potions
 e - 2 potions of haste
 j - a potion of brilliance


   Skills:
 + Level 2.3 Fighting
 + Level 2.1 Maces & Flails
 + Level 2.1 Armour
 + Level 2.9 Dodging
 - Level 1.7 Stealth
 + Level 3.1 Spellcasting
 + Level 2.6 Transmutations
 + Level 3.6 Earth Magic


You had 10 spell levels left.
You knew the following spells:

 Your Spells              Type           Power      Damage    Failure   Level
a - Sandblast             Erth           44%        2d11      26%         1

Your spell library contained the following spells:

 Spells                   Type           Power      Damage    Failure   Level
 Passwall                 Tmut/Erth      16%        N/A       43%         2
 Stone Arrow              Conj/Erth      26%        3d8       85%         3
 Petrify                  Tmut/Erth      20%        N/A       97%         4
 Hailstorm                Conj/Ice       3%         3d3       100%        4
 Ice Form                 Ice/Tmut       10%        N/A       100%        4
 Simulacrum               Ice/Necr       1%         N/A       100%        6


Dungeon Overview and Level Annotations

Branches:
Dungeon (5/15)
 Temple: D:4-7

Altars:

Shops:
D:1 ?*(   D:2 (


Innate Abilities, Weirdness & Mutations

You are completely covered in molten scales. (AC +4, rF+)
You have a small tail.


Message History

Unknown command.
You feel better.
You hear some strange, mumbled words.
A magic dart appears from out of thin air!
The magic dart hits you.
* * * LOW HITPOINT WARNING * * *
It was a potion of brilliance.
You feel clever all of a sudden.
You hear some strange, mumbled words.
A puff of flame appears from out of thin air!
The puff of flame hits you. You resist.
* * * LOW HITPOINT WARNING * * *
Okay, then.
You miss something.
Your tail-slap misses something.
Something hits you but does no damage. x2
You sock something! Something hits you.
* * * LOW HITPOINT WARNING * * *
Unknown command.
You barely miss something.
You hear some strange, mumbled words.
You are confused.
You miss something. Something hits you but does no damage.
You closely miss something. Something hits you but does no damage.
You hear some strange, mumbled words.
You are more confused.
Unknown command.
You closely miss something. Something hits you.
* * * LOW HITPOINT WARNING * * *
You hear some strange, mumbled words.
You are more confused.
You hear some strange, mumbled words.
A magic dart appears from out of thin air!
The magic dart hits you but does no damage.
Okay, then.
A red film seems to cover your vision as you go berserk!
You feel yourself moving faster!
You feel mighty!
You hear some strange, mumbled words.
A puff of flame appears from out of thin air!
The puff of flame hits you. You resist.
You die...

#....+............
#....#............
#...†#...)........
#####'#.)..........
#.........###########+#
#.<.......'..)........#
#.........#>..).......#
#.........#...{.......#
#.........#....@......#
#.........##...##..##.#
##+#########..[# ..#
#..... ..# #$..... ..#
+....... .# #...... .#
##...


There were no monsters in sight!

Vanquished Creatures
  Duvessa (D:5)
  A bullfrog (D:5)
  Dowan (D:5)
  An orc priest (D:3)
  A hound (D:4)
  Jessica (D:3)
  2 orc wizards
  5 adders
  A worm (D:2)
  2 dart slugs
  10 orcs
  6 endoplasms
  7 giant cockroaches
  6 goblins
  5 hobgoblins
  6 jackals (D:3)
  A quokka (D:1)
  4 ball pythons
  4 bats
  3 frilled lizards
  9 kobolds
  9 rats
86 creatures vanquished.

Notes
Turn   | Place    | Note
-------+----------+-------------------------------------------
     0 | D:1      | Sin92 the Demonspawn Earth Elementalist began the quest for
                  | the Orb.
     0 | D:1      | Reached XP level 1. HP: 13/13 MP: 3/3
   394 | D:1      | Reached skill level 1 in Transmutations
   586 | D:1      | Gained mutation: You are partially covered in molten
                  | scales. (AC +2) [demonic ancestry]
   586 | D:1      | Reached XP level 2. HP: 19/19 MP: 5/5
   726 | D:1      | Found Bonemonu's Magic Scroll Emporium.
  1179 | D:1      | Found Zeti Vem's Weapon Boutique.
  1197 | D:1      | Gained mutation: You have a small tail. [demonic ancestry]
  1197 | D:1      | Reached XP level 3. HP: 25/25 MP: 6/6
  1264 | D:1      | Found Dasel's Weapon Boutique.
  1375 | D:1      | Found Piskou's Assorted Antiques.
  1395 | D:2      | Found a faded altar of an unknown god.
  2009 | D:2      | Reached skill level 1 in Fighting
  2256 | D:2      | Found Hufoet's Weapon Shoppe.
  2582 | D:2      | Reached skill level 1 in Armour
  2582 | D:2      | Gained mutation: You are mostly covered in molten scales.
                  | (AC +3) [demonic ancestry]
  2582 | D:2      | Reached XP level 4. HP: 30/32 MP: 7/7
  2645 | D:3      | Reached skill level 1 in Maces & Flails
  3433 | D:3      | Gained mutation: You are completely covered in molten
                  | scales. (AC +4, rF+) [demonic ancestry]
  3433 | D:3      | Reached XP level 5. HP: 24/37 MP: 8/8
  3727 | D:3      | Noticed Jessica
  3738 | D:3      | Killed Jessica
  5365 | D:5      | Entered Level 5 of the Dungeon
  5384 | D:5      | Reached XP level 6. HP: 34/44 MP: 10/10
  5390 | D:5      | Noticed Duvessa
  5390 | D:5      | Noticed Dowan
  5403 | D:5      | Killed Duvessa
  5408 | D:5      | Killed Dowan
  5442 | D:5      | HP: 1/45 [something (3)]
  5450 | D:5      | HP: 1/45 [something (1)]
  5454 | D:5      | Killed from afar by an orc wizard

Illustrated notes

Levels and vault maps discovered:
D:1:      dpeg_arrival_morbid_curiosity, layout_basic, serial_shops, shop, shop,
          nicolae_shop_trees, nicolae_shop_window_shopping
D:2:      layout_basic, ebering_ecumenical_altar_petrified, serial_shops,
          nicolae_shop_bloodbath_and_beyond
D:3:      layout_loops_cross, nrook_campfire, uniq_jessica
D:4:      layout_cave_pods
D:5:      layout_gridville, minmay_temple_entry_ruins, skrybe_limestone_x,
          uniq_duvessa, uniq_blork_the_orc, uniq_menkaure

Skill      XL: |  1  2  3  4  5  6 |
---------------+-------------------+-----
Transmutations | 1 2 |  2.6
Dodging        | 2 |  2.9
Earth Magic    | 3 |  3.6
Fighting       | 1 2 |  2.3
Armour         | 1 2 |  2.1
Maces & Flails | 1 2 |  2.1
Spellcasting   | 3 |  3.1
Stealth        | |  1.7

Action                   |  1- 3 |  4- 6 || total
-------------------------+-------+-------++-------
Melee: Flail             |   117 |   194 ||   311
       Punch             |     1 |     4 ||     5
       Tailslap          |     9 |    23 ||    32
 Cast: Sandblast         |    13 |    16 ||    29
  Use: Scroll            |       |    10 ||    10
       Potion            |       |     5 ||     5
 Stab: Sleeping          |     2 |       ||     2
       Invisible         |       |     2 ||     2
Armor: Robe              |    35 |       ||    35
       Scale mail        |    11 |   163 ||   174
Dodge: Dodged            |    87 |   147 ||   234
